Map: LotV Custom - Nimbus LE - Archon Mode

Players

Hindulaatti - Winner!

  • Race: Terran Terran
  • League: Platinum
  • Spawn Location: 7:00

ArEmKay

  • Race: Terran Terran
  • Spawn Location: 1:00

BLFG - Winner!

  • Race: Zerg Zerg

PITBULLMAN

  • Race: Terran Terran

VOD

Have the link to the VOD?

Description

Time

  • Played on: Dec. 20, 2014, 11:25 a.m.
  • Length: 7:47
Show
View Real Time Build Order
Export as new Build Order

Hindulaatti Terran - Winner!

Build Orders:  

Get SALT Encoding   

  12  0:01  Drone  
  13  0:09  Drone  
  14  0:18  Overlord  
  14  0:36  Drone x3  
  17  0:50  Drone  
  18  1:02  Drone  
  19  1:04  Hatchery  
  19  1:10  Drone  
  19  1:17  Spawning Pool  
  18  1:25  Drone  
  19  1:34  Extractor  
  19  1:35  Drone  
  19  1:45  Drone  
  19  1:46  Hatchery  
  19  1:52  Drone  
  20  2:03  Drone  
  21  2:13  Overlord  
  21  2:15  Queen  
  21  2:16  Overlord  
  23  2:25  Queen  
  25  2:32  Zergling x4  
  27  2:37  Metabolic Boost  
  27  2:52  Roach Warren  
  27  2:55  Extractor  
  25  2:59  Queen  
  25  3:01  Drone  
  28  3:13  Drone x4  
  32  3:27  Drone x4  
  36  3:38  Drone  
  36  3:39  Drone x3  
  40  3:46  Roach x2  
  43  3:49  Roach  
  45  3:56  Lair  
  45  4:00  Drone x2  
  47  4:10  Drone x3  
  47  4:11  Overlord  
  50  4:19  Overlord x2  
  50  4:35  Roach x4  
  50  4:37  Evolution Chamber  
  56  4:38  Evolution Chamber  
  56  4:41  Overlord x2  
  56  4:45  Zergling x6  
  58  4:55  Glial Reconstitution  
  58  5:03  Roach x4, Zerg Missile Weapons Level 1  
  66  5:10  Extractor x2  
  63  5:14  Extractor  
  63  5:16  Drone x3, Extractor  
  63  5:17  Drone x2  
  63  5:21  Drone  
  63  5:22  Drone  
  65  5:34  Zerg Ground Armor Level 1  
  71  6:15  Burrow  
  71  6:17  Drone  
  71  6:18  Drone x13  
  84  6:19  Drone x4, Zergling x2  
  90  6:27  Overlord x2  
  90  6:52  Drone x11  
  101  6:58  Overlord  
  106  7:06  Hatchery  
  106  7:08  Overlord  
  105  7:26  Infestation Pit  
Show
View Real Time Build Order
Export as new Build Order

ArEmKay Terran 

Build Orders:  

Get SALT Encoding   

  12  0:01  SCV  
  13  0:13  SCV  
  14  0:24  Supply Depot  
  14  0:25  SCV  
  15  0:36  Refinery  
  15  0:45  SCV  
  15  0:48  Barracks  
  16  0:57  SCV  
  17  1:09  SCV  
  18  1:21  SCV  
  19  1:35  Supply Depot  
  19  1:37  Orbital Command  
  19  1:43  Barracks Tech Lab  
  19  1:55  Factory  
  19  1:58  Supply Depot  
  19  2:20  Refinery  
  19  2:24  SCV  
  20  2:36  SCV  
  21  2:45  Supply Depot  
  21  2:49  SCV  
  25  2:52  Factory Tech Lab  
  25  3:01  SCV  
  26  3:14  Command Center  
  26  3:18  Unknown  
  26  3:19  Cyclone  
  29  3:42  Command Center  
  28  4:02  Cyclone  
  31  4:20  SCV  
  35  4:49  Unknown  
  35  4:51  Cyclone  
  38  5:04  Unknown  
  38  5:05  Orbital Command  
  35  5:53  Siege Tank  
  38  6:04  SCV  
  38  6:05  Refinery  
  39  6:17  SCV  
  43  6:18  Refinery  
  43  6:22  Starport  
  43  6:29  SCV  
  44  6:43  Unknown  
  44  6:44  Siege Tank  
  47  6:59  Medivac  
  49  7:05  SCV  
  50  7:17  SCV  
Show
View Real Time Build Order
Export as new Build Order

BLFG Zerg - Winner!

Build Orders:  

Get SALT Encoding   

Show
View Real Time Build Order
Export as new Build Order

PITBULLMAN Terran 

Build Orders:  

Get SALT Encoding   

Tags
 
Add a new tag
Caveats
  • Supply blocks, unpowered buildings, or Contaminate may cause inaccurate times.
  • Supply counts are checked every 10 seconds.